Map: [ESL] Alcyone

Players

LiquidClem (Clem) - Winner!

  • Race: Terran Terran
  • League: Grandmaster
  • Spawn Location: 1:00

Harstem

  • Race: Protoss Protoss
  • League: Grandmaster
  • Spawn Location: 7:00

Event: HomeStory Cup XXIV

VOD

Have the link to the VOD?

Description

Time

  • Played on: Dec. 3, 2023, 12:50 p.m.
  • Length: 37:57

All games in this series

Show
View Real Time Build Order
Export as new Build Order

LiquidClem Terran - Winner!

Build Orders: Reaper Expand 

Get SALT Encoding   

  12  0:00  SCV  
  13  0:12  SCV  
  14  0:16  Supply Depot  
  14  0:24  SCV  
  15  0:38  SCV  
  15  0:40  Barracks  
  16  0:42  Refinery  
  16  0:50  SCV  
  17  1:02  SCV  
  18  1:14  SCV  
  19  1:27  Orbital Command, Reaper  
  20  1:37  Command Center  
  20  1:46  Supply Depot  
  20  1:52  SCV  
  21  1:58  Marine  
  22  2:03  Bunker  
  22  2:05  SCV  
  23  2:13  Factory  
  23  2:17  SCV  
  23  2:19  Barracks Reactor  
  24  2:24  Refinery  
  24  2:29  SCV  
  24  2:41  SCV  
  25  2:49  Orbital Command  
  25  2:53  SCV  
  25  2:56  Marine  
  25  2:57  Marine  
  28  2:58  Starport  
  28  3:00  Hellion  
  28  3:05  SCV  
  31  3:06  Supply Depot  
  31  3:14  Marine x2  
  31  3:15  SCV  
  31  3:17  SCV  
  35  3:21  Cyclone  
  35  3:26  Barracks  
  37  3:29  SCV  
  37  3:32  SCV  
  37  3:33  Marine  
  40  3:36  Marine  
  40  3:41  Supply Depot  
  41  3:42  SCV  
  41  3:45  SCV  
  43  3:50  Barracks  
  43  3:53  Marine  
  43  3:54  SCV  
  43  3:55  Factory Tech Lab  
  43  3:57  SCV  
  43  4:02  Starport Tech Lab  
  44  4:03  Engineering Bay  
  44  4:04  Marine  
  44  4:06  SCV  
  47  4:10  SCV  
  47  4:11  Marine  
  48  4:18  SCV  
  48  4:22  SCV  
  48  4:23  Factory Reactor  
  50  4:27  Supply Depot  
  50  4:28  Starport Reactor  
  50  4:29  Stimpack  
  50  4:30  Marine x2, SCV  
  53  4:33  Marauder  
  53  4:34  SCV  
  53  4:37  Terran Infantry Weapons Level 1, Refinery  
  56  4:42  SCV  
  57  4:46  Marauder, SCV  
  57  4:48  Combat Shield  
  57  4:49  Marine x2  
  62  4:53  Supply Depot  
  62  4:54  SCV  
  62  4:58  SCV, Marauder  
  65  5:04  Missile Turret x2  
  65  5:06  SCV  
  66  5:08  Refinery  
  66  5:10  SCV  
  66  5:11  Marine x2  
  69  5:15  Marauder  
  69  5:17  Supply Depot  
  69  5:18  SCV  
  72  5:22  SCV, Medivac  
  72  5:27  Supply Depot  
  72  5:28  Medivac  
  77  5:33  Marine  
  78  5:38  Widow Mine x2, Marauder, Marine  
  85  5:49  Marauder  
  87  5:50  Supply Depot  
  87  5:51  Supply Depot  
  87  5:56  Command Center  
  87  5:58  Marine x2  
  87  6:03  Widow Mine x2  
  93  6:12  Marauder  
  93  6:13  Supply Depot, Marauder  
  93  6:15  Medivac  
  93  6:17  Medivac  
  93  6:18  Concussive Shells  
  101  6:19  Marine  
  101  6:20  Marine  
  103  6:26  SCV  
  103  6:28  SCV  
  103  6:31  Supply Depot  
  105  6:33  Marauder  
  105  6:37  Marauder  
  105  6:38  SCV  
  110  6:42  Widow Mine, Supply Depot  
  110  6:44  Widow Mine  
  110  6:45  Viking  
  110  6:46  Marine x2  
  118  6:55  Supply Depot  
  118  7:00  Barracks  
  118  7:02  Barracks  
  118  7:03  Marauder x2  
  118  7:08  Orbital Command, Supply Depot  
  120  7:11  Widow Mine  
  120  7:13  Widow Mine  
  120  7:14  Marine  
  125  7:15  Marine  
  126  7:24  SCV, Marauder  
  126  7:25  Marauder  
  126  7:27  SCV  
  130  7:34  Terran Infantry Armor Level 1  
  130  7:35  Orbital Command  
  134  7:37  Marine x2, Widow Mine x2  
  134  7:39  SCV  
  134  7:42  SCV  
  138  7:45  Marauder  
  138  7:49  Supply Depot, Marauder  
  142  7:52  Medivac  
  142  7:55  Marine x2  
  142  7:56  Barracks Tech Lab  
  142  7:58  Widow Mine  
  148  8:03  Barracks Reactor, Medivac  
  135  8:07  SCV, Marauder  
  135  8:08  SCV  
  135  8:10  Marauder  
  140  8:13  Marine x2  
  140  8:14  SCV  
  140  8:16  Marauder  
  145  8:22  Medivac  
  145  8:25  SCV  
  145  8:26  Widow Mine  
  150  8:28  Marauder, Widow Mine  
  150  8:31  Marine  
  150  8:32  Marauder  
  150  8:34  Marine  
  157  8:37  Marauder  
  146  8:44  Medivac  
  146  8:45  Marine  
  146  8:46  Marine  
  146  8:48  Widow Mine  
  142  8:49  Marauder, Widow Mine, Marine  
  142  8:51  Marine, SCV  
  142  8:53  Marauder  
  137  8:58  Marauder, SCV x2  
  141  9:03  SCV, Ghost Academy  
  141  9:07  Marine x2  
  144  9:10  SCV  
  144  9:11  Bunker, Marauder  
  144  9:13  Widow Mine x2  
  144  9:17  Marine x2  
  151  9:19  Refinery  
  151  9:20  Supply Depot  
  153  9:25  Marauder x2  
  153  9:29  Supply Depot  
  153  9:30  Marine  
  153  9:31  Marine  
  159  9:32  Marauder  
  159  9:34  Medivac  
  159  9:35  Medivac  
  159  9:37  Supply Depot  
  165  9:42  Command Center  
  165  9:44  SCV x3  
  168  9:47  Ghost  
  168  9:49  Widow Mine  
  168  9:50  Widow Mine  
  168  9:52  Ghost  
  176  9:54  Ghost  
  176  9:59  Marine x2  
  180  10:02  Marine, Supply Depot, Refinery  
  180  10:03  Marine  
  182  10:09  Viking  
  182  10:10  Viking  
  184  10:15  Ghost, Armory, Engineering Bay  
  186  10:23  Widow Mine x2  
  186  10:27  Marauder x2, Marine x2  
  193  10:31  Marine  
  190  10:37  Barracks  
  190  10:39  Barracks, Viking  
  192  10:45  Viking, Marauder  
  192  10:48  SCV x3  
  199  10:51  Barracks  
  199  11:03  Ghost  
  199  11:12  Marine  
  199  11:19  Medivac  
  199  11:20  Viking  
  199  11:22  Marine  
  200  11:29  Command Center  
  200  11:35  Planetary Fortress  
  200  11:37  Starport  
  200  11:40  Terran Infantry Weapons Level 2, Terran Infantry Armor Level 2  
  200  11:43  Barracks Tech Lab x2  
  200  11:45  Terran Ship Weapons Level 1  
  200  11:56  Marine  
  199  12:05  Marauder  
  199  12:07  Marine  
  199  12:08  Marauder  
  173  12:11  Viking, Ghost x3  
  173  12:12  Marine  
  173  12:14  Marine  
  169  12:16  Marine  
  169  12:18  Viking  
  160  12:23  Viking  
  160  12:24  Marine  
  160  12:27  Marauder, SCV x2, Refinery  
  160  12:28  Refinery  
  160  12:29  Marine  
  168  12:35  Command Center  
  168  12:37  Missile Turret  
  168  12:39  Ghost  
  168  12:40  Marauder, Marine  
  168  12:41  Marine  
  168  12:43  Marauder  
  176  12:46  Ghost  
  178  12:56  Liberator  
  177  13:02  Viking  
  177  13:03  Viking  
  177  13:05  Viking  
  183  13:07  Marine  
  183  13:08  Marauder  
  186  13:13  Marauder x2, Marine x2  
  186  13:14  Missile Turret  
  192  13:20  Planetary Fortress  
  192  13:22  Marine  
  192  13:23  Marauder x2  
  192  13:24  SCV  
  192  13:25  Marine  
  192  13:26  SCV  
  196  13:30  Marauder  
  196  13:31  SCV, Marine  
  200  13:44  Missile Turret  
  200  13:45  Unknown  
  200  13:48  Orbital Command  
  198  14:02  Sensor Tower  
  198  14:08  Viking  
  194  14:17  Viking x2  
  194  14:23  Marine  
  200  14:30  Ghost  
  200  14:31  Command Center  
  193  14:32  Marine x2, Marauder x2  
  193  14:36  Barracks Tech Lab x2  
  193  14:38  Marine, SCV  
  198  14:41  Sensor Tower  
  198  14:42  Marauder  
  200  14:46  Command Center  
  198  14:52  Marine  
  198  14:53  Marine  
  198  14:55  Missile Turret  
  198  14:58  Command Center  
  200  15:01  Starport  
  200  15:02  Fusion Core  
  200  15:13  Bunker  
  199  15:24  Marine  
  199  15:33  SCV  
  199  15:34  Liberator  
  199  15:35  Bunker  
  199  15:37  SCV  
  198  15:49  Marauder  
  198  15:50  Marauder  
  198  15:54  Marine  
  195  15:58  Liberator x2  
  195  16:01  Marine x3  
  195  16:02  Armory  
  199  16:07  Marine  
  200  16:13  Marauder, Marine  
  200  16:15  Liberator, Marine  
  200  16:16  Marine, Marauder  
  200  16:17  Liberator  
  200  16:18  Orbital Command x2  
  181  16:19  Marine  
  181  16:22  Marine, Engineering Bay  
  181  16:23  Marine, Engineering Bay  
  181  16:25  Marauder  
  184  16:30  Marine  
  184  16:31  Starport Reactor, Advanced Ballistics  
  185  16:34  Personal Cloaking, Marauder x2  
  185  16:35  Marauder  
  185  16:37  Marauder, Marine  
  194  16:40  Marine  
  194  16:41  Liberator, Marine  
  199  16:54  Marine  
  198  17:02  Orbital Command  
  192  17:10  Liberator  
  192  17:12  Liberator  
  190  17:15  Marine  
  190  17:16  Marauder  
  191  17:23  Liberator x2  
  191  17:24  Liberator  
  191  17:29  Terran Infantry Weapons Level 3, Terran Infantry Armor Level 3  
  200  17:39  Missile Turret  
  200  17:40  Sensor Tower, Missile Turret  
  200  17:41  Refinery  
  200  17:43  Refinery  
  199  17:54  Ghost, Marine  
  199  17:57  Marine  
  200  18:01  Planetary Fortress  
  200  18:02  SCV  
  200  18:05  Orbital Command, SCV  
  200  18:06  Missile Turret  
  188  18:20  Liberator, Marine  
  188  18:21  Marauder  
  188  18:22  Liberator  
  188  18:24  Ghost, Marine  
  200  18:28  Ghost x2  
  200  18:29  Liberator  
  187  18:36  Terran Ship Weapons Level 2  
  187  18:40  Marine  
  186  18:42  Marine  
  186  18:43  Sensor Tower, Liberator, Ghost  
  186  18:44  Marine  
  186  18:45  Marine  
  186  18:46  Marauder  
  196  18:53  Marauder  
  196  18:55  Command Center  
  196  18:57  Marine  
  196  18:58  Marauder, Marine  
  196  19:00  Marine  
  196  19:02  Marine, SCV  
  192  19:03  SCV  
  192  19:07  SCV, Marine  
  192  19:08  Liberator, Marauder  
  200  19:10  SCV  
  200  19:20  Missile Turret  
  200  19:23  Sensor Tower  
  189  19:34  Marine x2  
  189  19:35  Marine, Marauder  
  175  19:38  Ghost  
  175  19:39  Marine, Marauder x2  
  175  19:41  Marine  
  175  19:42  SCV  
  174  19:47  Liberator  
  174  19:50  SCV  
  174  19:52  Marine x2  
  172  19:53  Liberator, Marine  
  172  19:56  Marauder  
  172  19:57  Marine  
  172  19:59  Ghost, Marine  
  179  20:00  Marauder  
  179  20:02  Liberator  
  179  20:04  Liberator  
  184  20:08  Marauder  
  184  20:10  Marine x2  
  184  20:11  Marine  
  184  20:13  Orbital Command  
  184  20:14  Liberator  
  185  20:15  Marine  
  185  20:16  Ghost  
  185  20:17  Marauder  
  193  20:21  Marine  
  193  20:25  SCV  
  193  20:28  Marine x3  
  184  20:29  Marauder, Marine  
  184  20:33  Marine  
  159  20:38  Marine  
  159  20:39  Marauder  
  138  20:43  SCV  
  138  20:45  Marauder  
  138  20:46  Marine x3  
  138  20:47  Marauder  
  146  20:50  Marauder  
  146  20:57  Marauder  
  144  21:04  Planetary Fortress  
  144  21:05  Marauder, Marine  
  144  21:07  Marauder  
  144  21:09  SCV x2  
  144  21:10  SCV  
  152  21:12  SCV  
  152  21:16  Medivac  
  152  21:17  Marauder  
  157  21:18  SCV  
  157  21:21  SCV, Marine  
  157  21:23  Marine  
  157  21:24  SCV  
  157  21:25  Marauder  
  163  21:30  Medivac  
  163  21:31  Marauder  
  161  21:33  Marine  
  161  21:35  Marine  
  161  21:39  Marine  
  164  21:42  Marine x2  
  164  21:44  Marauder, Marine  
  164  21:46  SCV x3  
  172  21:47  SCV  
  172  21:52  SCV, Medivac  
  168  21:55  Marauder, Marine  
  168  21:57  SCV  
  168  21:59  SCV  
  165  22:01  Marauder  
  165  22:06  Marauder  
  165  22:07  SCV  
  165  22:12  Marine  
  165  22:13  SCV  
  165  22:16  SCV  
  165  22:17  SCV  
  148  22:23  Medivac  
  148  22:24  Marine  
  148  22:28  SCV  
  151  22:30  SCV  
  151  22:32  Marauder  
  151  22:36  Medivac  
  156  22:39  Marauder  
  155  22:45  Refinery  
  155  22:50  Liberator, Sensor Tower  
  158  22:55  Marauder  
  158  22:57  Marine  
  144  23:07  Marauder  
  144  23:08  Marine  
  144  23:09  Medivac  
  144  23:12  Liberator  
  152  23:16  Medivac  
  152  23:17  Marine  
  152  23:18  Marine  
  153  23:22  Marine x2  
  153  23:26  Marauder  
  156  23:30  Liberator  
  159  23:39  Liberator x2  
  159  23:41  SCV  
  164  23:42  SCV  
  164  23:43  Marauder  
  164  23:48  Marauder, Medivac  
  169  23:51  Missile Turret  
  169  23:55  SCV  
  169  23:57  Marine  
  169  24:02  Supply Depot  
  171  24:05  Supply Depot  
  171  24:24  Liberator x2, SCV x2  
  179  24:26  Liberator x2  
  185  24:32  Ghost  
  185  24:36  Marine  
  185  24:37  Liberator  
  187  24:38  Marine  
  187  24:43  Liberator  
  187  24:44  Marauder, Marine  
  187  24:46  Marine  
  187  24:47  Marine  
  187  24:49  Marine  
  181  25:08  Supply Depot  
  181  25:11  Supply Depot  
  180  25:28  Marauder x3  
  179  25:29  Viking x2, Liberator, Marine  
  179  25:31  Viking, SCV  
  179  25:32  Viking, SCV, Marine x2  
  179  25:33  SCV  
  186  25:35  Viking  
  186  25:36  Marine  
  186  25:40  Marauder  
  186  25:41  Marine  
  187  25:47  Marine  
  187  25:49  Marauder  
  190  25:52  Orbital Command  
  189  26:00  Marine  
  189  26:01  Marauder  
  192  26:05  Medivac  
  192  26:08  Medivac  
  192  26:09  Viking  
  192  26:10  Marine  
  186  26:12  Viking, Marauder  
  186  26:13  Marine x2  
  179  26:21  Marauder  
  181  26:26  Marine  
  181  26:30  Marine, Marauder  
  181  26:31  Marauder, Marine x2  
  184  26:34  Marauder  
  186  26:40  SCV x3  
  186  26:44  Viking  
  191  26:50  SCV  
  191  26:52  Viking  
  189  27:21  Marine  
  187  27:23  Marine  
  187  27:25  Viking  
  187  27:29  Ghost, Marine  
  186  27:30  Viking, Marine, Marauder  
  186  27:31  Marauder  
  186  27:33  Marine  
  186  27:35  Viking  
  186  27:42  Marine  
  186  27:44  Marauder, Marine  
  170  27:47  Orbital Command, Marine  
  170  27:49  Marine, Medivac  
  170  27:51  Marine, Marauder  
  164  28:02  Marauder, Marine  
  167  28:07  Liberator, Marine  
  167  28:08  Marauder  
  168  28:15  SCV  
  168  28:17  Marauder  
  167  28:20  Marine  
  167  28:25  Liberator  
  170  28:42  Liberator  
  171  28:54  Marine  
  172  29:02  Marauder  
  172  29:04  Marine x2  
  172  29:05  Marauder  
  172  29:06  Liberator  
  172  29:09  Liberator  
  172  29:10  Marauder  
  172  29:13  Marine x2  
  172  29:15  Marine  
  171  29:18  Marine  
  163  29:53  Supply Depot x2  
  163  30:06  Orbital Command  
  160  30:14  Liberator, Ghost, Marine x4  
  160  30:15  Marauder x2  
  173  30:35  Liberator, Ghost, SCV  
  179  30:41  Ghost  
  180  30:54  Marine  
  177  31:01  Marauder  
  174  31:12  Liberator  
  174  31:13  Marauder  
  174  31:14  Marine  
  159  31:35  Marauder  
  159  31:37  Marauder, Marine x2  
  161  31:46  Marine  
  161  31:47  Marine  
  160  31:51  Liberator  
  152  32:06  Missile Turret  
  150  32:15  Marauder  
  148  32:17  Marine  
  148  32:19  Marine  
  144  32:26  Marauder  
  143  32:35  Marauder  
  140  32:39  Marine  
  140  32:42  Marine  
  140  32:43  Marine  
  143  32:47  Marine  
  144  32:51  Marine  
  144  32:57  Marauder  
  139  33:04  Marauder  
  133  33:10  Marauder  
  117  33:14  Marine  
Show
View Real Time Build Order
Export as new Build Order

Harstem Protoss 

Build Orders: 1 Gate Expand, Double Forge, Oracle Opening, Phoenix Opening 

Get SALT Encoding   

  12  0:00  Probe  
  13  0:12  Probe  
  14  0:16  Pylon  
  14  0:24  Probe  
  15  0:35  Gateway  
  15  0:36  Probe (Chrono Boost)  
  16  0:46  Assimilator, Probe (Chrono Boost)  
  17  0:51  Probe (Chrono Boost)  
  18  1:03  Probe  
  19  1:18  Nexus  
  19  1:28  Cybernetics Core  
  19  1:30  Probe  
  20  1:35  Assimilator  
  20  1:43  Probe  
  20  1:46  Pylon  
  21  1:55  Probe  
  22  2:01  Stalker (Chrono Boost)  
  22  2:07  Shield Battery, Probe  
  25  2:19  Probe  
  26  2:24  Adept  
  28  2:31  Probe  
  28  2:32  Stargate  
  28  2:35  Probe  
  29  2:42  Warp Gate  
  29  2:43  Probe (Chrono Boost)  
  31  2:51  Probe (Chrono Boost)  
  31  2:56  Probe (Chrono Boost)  
  31  2:57  Pylon  
  32  3:01  Probe x2 (Chrono Boost)  
  34  3:10  Probe  
  34  3:11  Probe  
  36  3:13  Oracle (Chrono Boost)  
  39  3:22  Probe  
  39  3:23  Probe  
  41  3:33  Nexus  
  41  3:35  Probe  
  41  3:36  Probe  
  43  3:42  Phoenix  
  43  3:47  Probe  
  46  3:49  Probe  
  47  3:58  Gateway  
  47  3:59  Probe  
  47  4:01  Probe  
  49  4:05  Pylon  
  49  4:11  Probe  
  49  4:13  Probe  
  49  4:16  Twilight Council  
  51  4:18  Pylon  
  51  4:19  Phoenix  
  51  4:23  Probe  
  54  4:27  Probe  
  54  4:30  Pylon  
  55  4:32  Forge  
  55  4:34  Assimilator  
  55  4:35  Probe  
  56  4:42  Probe (Chrono Boost)  
  56  4:44  Charge, Phoenix  
  59  4:46  Adept  
  59  4:47  Probe (Chrono Boost)  
  59  4:50  Probe (Chrono Boost)  
  63  4:54  Probe (Chrono Boost)  
  63  4:58  Forge  
  63  4:59  Probe (Chrono Boost)  
  66  5:01  Probe (Chrono Boost)  
  66  5:02  Probe (Chrono Boost)  
  66  5:03  Protoss Ground Armor Level 1 (Chrono Boost)  
  66  5:04  Probe (Chrono Boost)  
  66  5:05  Probe (Chrono Boost)  
  68  5:08  Probe  
  68  5:13  Probe  
  71  5:17  Gateway, Probe  
  71  5:19  Gateway  
  71  5:20  Probe  
  73  5:23  Protoss Ground Weapons Level 1 (Chrono Boost)  
  73  5:26  Probe  
  73  5:27  Pylon  
  74  5:29  Phoenix  
  74  5:30  Probe  
  74  5:32  Pylon  
  78  5:47  Gateway  
  78  5:49  Gateway x2  
  77  5:50  Assimilator  
  77  5:51  Sentry  
  77  5:52  Gateway, Probe  
  77  5:53  Shield Battery  
  77  5:54  Probe  
  81  6:05  Phoenix  
  83  6:13  Photon Cannon  
  83  6:16  Nexus  
  83  6:18  Pylon  
  83  6:21  Sentry, Zealot  
  87  6:26  Zealot x2  
  87  6:29  Pylon  
  87  6:30  Phoenix  
  87  6:31  Robotics Facility  
  93  6:36  Photon Cannon, Probe  
  94  6:42  Probe x2  
  94  6:45  Photon Cannon, Pylon  
  96  6:50  Zealot x4  
  103  6:54  Probe  
  103  6:56  Zealot  
  103  6:58  Zealot, Protoss Ground Armor Level 2 (Chrono Boost)  
  108  7:03  Probe  
  108  7:05  Probe  
  110  7:10  Zealot, Probe  
  110  7:11  Zealot x2  
  110  7:15  Sentry, Zealot  
  119  7:17  Pylon  
  119  7:18  Sentry  
  119  7:22  Pylon  
  121  7:23  Protoss Ground Weapons Level 2 (Chrono Boost)  
  121  7:29  Zealot x2  
  125  7:31  Zealot x3  
  125  7:35  Immortal (Chrono Boost)  
  135  7:44  Zealot x3  
  135  7:49  Zealot x2  
  145  7:51  Shield Battery  
  145  8:00  Shield Battery  
  145  8:01  Pylon  
  139  8:06  Zealot x6  
  139  8:09  Observer (Chrono Boost)  
  139  8:10  Sentry  
  139  8:11  Zealot  
  148  8:23  Immortal (Chrono Boost)  
  148  8:26  Zealot x6  
  164  8:34  Phoenix  
  158  8:44  Zealot x2  
  158  8:47  Zealot x6  
  150  8:52  Immortal (Chrono Boost)  
  130  9:00  Gateway  
  130  9:05  Probe  
  130  9:07  Zealot  
  130  9:08  Zealot x4  
  141  9:13  Pylon, Robotics Bay  
  139  9:19  Warp Prism, Pylon  
  139  9:23  Protoss Ground Weapons Level 3 (Chrono Boost)  
  141  9:38  Probe  
  141  9:39  Protoss Ground Armor Level 3 (Chrono Boost)  
  141  9:44  Zealot, Stalker x5  
  151  9:58  Colossus (Chrono Boost)  
  157  10:09  Zealot x4, Stalker  
  157  10:12  Pylon  
  167  10:16  Extended Thermal Lance  
  167  10:28  Zealot x4  
  169  10:30  Nexus  
  169  10:31  Observer  
  169  10:35  Zealot x5  
  166  10:45  Pylon  
  166  10:49  Colossus (Chrono Boost)  
  158  10:53  Stalker x4  
  171  11:01  Stalker x3  
  177  11:06  Probe  
  176  11:12  Photon Cannon  
  176  11:13  Photon Cannon, Pylon  
  176  11:14  Shield Battery  
  172  11:23  Zealot x4  
  172  11:31  Observer (Chrono Boost)  
  172  11:32  Robotics Facility  
  173  11:36  Pylon  
  173  11:37  Blink (Chrono Boost)  
  171  11:45  Pylon  
  171  11:52  Zealot x6  
  174  11:58  Protoss Shields Level 1 (Chrono Boost)  
  166  12:07  Zealot x3  
  146  12:13  Zealot x6  
  134  12:21  Colossus (Chrono Boost), Probe (Chrono Boost)  
  135  12:27  Probe x4 (Chrono Boost)  
  142  12:30  Probe (Chrono Boost)  
  142  12:32  Zealot x3  
  142  12:34  Zealot  
  142  12:36  Probe x2  
  150  12:44  Zealot  
  150  12:47  Observer (Chrono Boost)  
  151  12:52  Zealot x3, Stalker  
  155  12:59  Stalker x4  
  155  13:03  Probe x2  
  155  13:04  Disruptor (Chrono Boost)  
  155  13:05  Observer, Zealot, Photon Cannon  
  165  13:06  Photon Cannon  
  165  13:10  Pylon  
  165  13:12  Gravitic Drive (Chrono Boost)  
  171  13:14  Probe  
  171  13:17  Probe, Pylon  
  173  13:22  Shield Battery  
  173  13:30  Stalker x3  
  179  13:36  Zealot x5, Stalker  
  179  13:37  Nexus  
  179  13:40  Assimilator, Pylon  
  191  13:42  Probe  
  191  13:43  Gateway  
  191  13:45  Gateway  
  192  13:49  Disruptor  
  195  14:07  Zealot x4  
  194  14:25  Disruptor (Chrono Boost)  
  194  14:29  Disruptor (Chrono Boost)  
  194  14:30  Zealot x3  
  192  14:38  Photon Cannon  
  192  14:41  Assimilator  
  192  14:47  Photon Cannon  
  192  14:50  Pylon  
  192  14:52  Photon Cannon  
  192  14:54  Disruptor, Photon Cannon, Shield Battery  
  192  14:58  Observer  
  197  15:02  Photon Cannon  
  189  15:19  Disruptor  
  187  15:30  Observer  
  172  15:37  Zealot x10  
  172  15:38  Zealot  
  171  15:51  Disruptor  
  149  15:58  Disruptor (Chrono Boost)  
  149  16:00  Zealot x11  
  149  16:03  Probe  
  143  16:20  Probe x2 (Chrono Boost)  
  143  16:23  Zealot x5, Stalker x3  
  143  16:24  Zealot x3, Disruptor (Chrono Boost)  
  143  16:25  Probe x2 (Chrono Boost)  
  169  16:26  Probe x2 (Chrono Boost)  
  169  16:29  Probe x2 (Chrono Boost)  
  181  16:33  Probe x4 (Chrono Boost)  
  181  16:34  Probe (Chrono Boost)  
  182  16:40  Warp Prism (Chrono Boost)  
  182  16:44  Zealot x7, Probe x2  
  182  16:45  Zealot  
  197  17:05  Nexus  
  197  17:07  Pylon  
  189  17:16  Disruptor  
  187  17:23  Stalker x2  
  187  17:24  Pylon, Stalker x4  
  187  17:29  Disruptor  
  193  17:33  Stalker x2  
  199  17:39  Photon Cannon x2  
  197  17:46  Robotics Facility  
  197  17:48  Robotics Facility  
  197  17:49  Stalker x2  
  199  17:52  Photon Cannon  
  199  17:55  Photon Cannon  
  199  17:56  Disruptor  
  195  17:59  Assimilator  
  195  18:00  Assimilator  
  193  18:16  Zealot x7  
  193  18:17  Observer, Zealot  
  193  18:22  Disruptor (Chrono Boost)  
  179  18:36  Probe x2  
  179  18:37  Probe  
  179  18:39  Disruptor (Chrono Boost)  
  176  18:41  Stalker  
  176  18:42  Zealot x10  
  176  18:43  Disruptor (Chrono Boost)  
  198  18:53  Disruptor (Chrono Boost)  
  186  19:13  Stalker x6  
  186  19:14  Probe  
  186  19:16  Probe  
  200  19:28  Nexus  
  183  19:34  Disruptor  
  169  19:40  Disruptor  
  165  19:49  Zealot x4  
  165  19:50  Zealot x7  
  158  20:12  Stalker x6  
  158  20:13  Zealot x5  
  162  20:41  Stalker  
  162  20:42  Zealot x5, Stalker x5  
  188  20:50  Void Ray (Chrono Boost)  
  188  20:58  Disruptor  
  192  21:08  Pylon  
  192  21:09  Zealot x2  
  192  21:10  Zealot x2, Assimilator  
  192  21:11  Assimilator  
  200  21:14  Dark Shrine  
  177  21:33  Zealot  
  177  21:34  Zealot x9  
  196  21:45  Zealot  
  196  21:46  Pylon  
  189  21:48  Photon Cannon  
  189  21:50  Photon Cannon  
  183  21:59  Nexus  
  183  22:01  Pylon  
  181  22:05  Stalker x7  
  181  22:06  Stalker x2  
  175  22:26  Stalker x2  
  163  22:30  Zealot x7, Stalker x2  
  163  22:36  Photon Cannon, Probe x3  
  184  22:52  Disruptor  
  184  22:53  Disruptor  
  174  23:06  Zealot x2, Stalker x5  
  174  23:09  Disruptor  
  174  23:12  Photon Cannon  
  180  23:20  Dark Templar  
  180  23:30  Unknown  
  180  23:31  Disruptor  
  182  23:35  Assimilator  
  182  23:47  Colossus  
  186  23:56  Dark Templar  
  186  24:00  Stalker x2  
  186  24:18  Zealot x2  
  186  24:19  Zealot x5  
  188  24:34  Probe  
  172  24:42  Dark Templar x2  
  172  24:43  Zealot x7  
  181  24:51  Colossus  
  151  25:08  Stalker x5  
  161  25:14  Probe (Chrono Boost)  
  161  25:20  Probe x3 (Chrono Boost)  
  153  25:39  Dark Templar, Zealot x6  
  165  25:43  Probe x2  
  163  25:58  Stalker x2  
  156  26:13  Stalker x2  
  156  26:14  Zealot  
  156  26:15  Probe  
  156  26:17  Probe x2  
  155  26:23  Dark Templar  
  157  26:32  Sentry x3, Zealot x2  
  165  26:50  Disruptor x3 (Chrono Boost)  
  179  26:59  Disruptor (Chrono Boost), Stalker x2  
  181  27:01  Probe x5  
  185  27:08  Zealot x2  
  165  27:43  Zealot x7  
  170  27:44  Probe  
  170  27:51  Probe  
  168  27:53  Stalker x4  
  168  27:55  Probe  
  177  28:01  Probe  
  172  28:14  Disruptor x2  
  176  28:20  Probe x2  
  176  28:24  Photon Cannon, Stalker x3  
  184  28:27  Pylon  
  184  28:28  Shield Battery  
  180  28:37  Photon Cannon  
  176  28:42  Zealot x3  
  176  28:43  Zealot  
  176  29:06  Zealot x5  
  176  29:07  Zealot x3  
  176  29:09  Probe  
  181  29:10  Stalker  
  115  29:46  Disruptor (Chrono Boost)  
  115  29:47  Disruptor (Chrono Boost)  
  115  29:50  Probe  
  115  29:52  Dark Templar  
  119  29:53  Stalker x6  
  131  30:06  Disruptor (Chrono Boost)  
  131  30:12  Disruptor (Chrono Boost)  
  133  30:16  Disruptor (Chrono Boost)  
  135  30:29  Dark Templar  
  135  30:33  Stalker  
  147  30:50  Disruptor (Chrono Boost)  
  147  30:52  Disruptor (Chrono Boost)  
  147  31:01  Disruptor  
  147  31:09  Zealot x2  
  135  31:20  Stalker  
  122  31:47  Disruptor  
  121  31:56  Stalker x2  
  113  32:18  Disruptor  
  107  32:35  Disruptor  
  105  32:37  Stalker  
  99  33:03  Dark Templar, Zealot  
Tags
 
Add a new tag
Caveats
  • Supply blocks, unpowered buildings, or Contaminate may cause inaccurate times.
  • Supply counts are checked every 10 seconds.